 Dungeon Crawl Stone Soup version 0.25-a0-42-g6c54e25894 (webtiles) character file.

Game seed: 8013645633173218532, levelgen mode: deterministic

32745 Flugkiller the Nimble (level 13, -4/84 HPs)
             Began as an Octopode Enchanter on Oct 22, 2019.
             Was a High Priest of Nemelex Xobeh.
             Slain by an eight-headed hydra (12 damage)
             ... on level 11 of the Dungeon.
             The game lasted 00:40:28 (20675 turns).

Flugkiller the Nimble (Octopode Enchanter)         Turns: 20675, Time: 00:40:29

Health: -4/84      AC:  3    Str:  9    XL:     13   Next: 66%
Magic:  20/20      EV: 19    Int: 21    God:    Nemelex Xobeh [*****.]
Gold:   706        SH:  4    Dex: 12    Spells: 6/22 levels left

rFire    + . .     SeeInvis .   I - +9 morningstar "Remut" {flame, rN+ Stlth+}
rCold    x . .     Gourm    +   v - +0 buckler
rNeg     + . .     Faith    .   p - +2 hat
rPois    .         Spirit   .   t - amulet of the gourmand
rElec    .         Reflect  .   (no ring)
rCorr    +         Harm     .   (no ring)
MR       .....                  L - ring of resist corrosion
Stlth    ++++......             A - ring of fire
HPRegen  0.24/turn              (no ring)
MPRegen  0.17/turn              (no ring)
                                (no ring)
                                (no ring)

@: studying Shields
A: almost no armour, stealthy swim, amphibious, 8 rings, constrict 8, camouflage
1, gelatinous body 1
a: Draw Escape, Draw Destruction, Draw Summoning, Triple Draw, Deal Four, Stack
Five, Renounce Religion


You were on level 11 of the Dungeon.
You worshipped Nemelex Xobeh.
Nemelex Xobeh was extremely pleased with you.
You were very full.

You visited 2 branches of the dungeon, and saw 13 of its levels.
You also visited: Ossuary.

You collected 1056 gold pieces.
You spent 350 gold pieces at shops.

Inventory:

Hand Weapons
 i - a +2 short sword of venom
   (You found it on level 2 of the Dungeon)
 u - a +1 scimitar of flaming
   (You found it on level 11 of the Dungeon)
 I - the +9 morningstar "Remut" (weapon) {flame, rN+ Stlth+}
   (You found it on level 9 of the Dungeon)

   It has been specially enchanted to burn those struck by it, causing extra
   injury to most foes and up to half again as much damage against particularly
   susceptible opponents.
   It protects you from negative energy.
   It makes you more stealthy.
Missiles
 l - 47 poisoned darts (quivered)
 G - a throwing net
Armour
 p - a +2 hat (worn)
   (You found it on level 3 of the Dungeon)
 v - a +0 buckler (worn)
   (You found it on level 12 of the Dungeon)
Jewellery
 t - an amulet of the gourmand (around mantle)
   (You found it on level 4 of the Dungeon)
 A - a ring of fire (on tentacle)
   (You found it on level 7 of the Dungeon)
 L - a ring of resist corrosion (on tentacle)
   (You found it on level 10 of the Dungeon)
Wands
 m - a wand of polymorph (23)
   (You took it off Ijyb on level 3 of the Dungeon)
 q - a wand of disintegration (14)
   (You found it on level 3 of the Dungeon)
 H - a wand of paralysis (10)
   (You found it on level 7 of the Dungeon)
 K - a wand of scattershot (8)
   (You found it on level 9 of the Dungeon)
Scrolls
 d - 5 scrolls of enchant armour
 e - 4 scrolls of remove curse
 h - 8 scrolls of teleportation
 k - a scroll of fear
 n - 3 scrolls of magic mapping
 w - a scroll of amnesia
 x - a scroll of immolation {unknown}
 y - a scroll of blinking
Potions
 a - a potion of curing {unknown}
 b - 3 potions of brilliance
 f - 4 potions of lignification
 g - 4 potions of flight
 o - 2 potions of agility
 r - 5 potions of heal wounds
 s - 2 potions of haste {unknown}
 z - a potion of mutation {unknown}
 E - 2 potions of ambrosia
 F - a potion of magic {unknown}
Books
 B - a manual of Shields
   (You found it on level 6 of the Dungeon)
Comestibles
 c - 25 rations


   Skills:
 - Level 6.4 Fighting
 - Level 4.8 Short Blades
 - Level 11.8 Dodging
 - Level 4.0 Stealth
 + Level 3.2 Shields
 - Level 5.0 Spellcasting
 + Level 8.0 Conjurations
 - Level 8.0 Hexes
 + Level 8.0 Fire Magic
 - Level 8.6 Invocations
 - Level 5.0 Evocations


You had 6 spell levels left.
You knew the following spells:

 Your Spells              Type           Power        Failure   Level  Hunger
a - Corona                Hex            #####..      1%          1    None
b - Ensorcelled Hibernat  Hex/Ice        ###...       3%          2    None
c - Confuse               Hex            #####...     1%          3    ##.....
d - Tukima's Dance        Hex            #####...     1%          3    ##.....
e - Conjure Flame         Conj/Fire      ######..     1%          3    ##.....
f - Sticky Flame          Conj/Fire      ######..     4%          4    ####...

Your spell library contained the following spells:

 Spells                   Type           Power        Failure   Level  Hunger
 Flame Tongue             Conj/Fire      #####        1%          1    None
 Throw Flame              Conj/Fire      ######       1%          2    None
 Dazzling Spray           Conj/Hex       #####.       1%          3    ##.....
 Inner Flame              Hex/Fire       ######..     1%          3    ##.....
 Beastly Appendage        Tmut           #.....       12%         1    None
 Fireball                 Conj/Fire      ######....   12%         5    #####..
 Sticks to Snakes         Tmut           #.......     17%         2    None
 Spider Form              Tmut/Pois      #.........   34%         3    ##.....
 Ice Form                 Ice/Tmut       #.......     75%         4    ####...
 Blade Hands              Tmut           #.........   97%         5    #####..


Dungeon Overview and Level Annotations

Branches:
Dungeon (12/15)            Temple (0/1) D:5            Lair (1/6) D:11
    Orc (0/2) D:10        Ossuary (visited)

Altars:
Ashenzari
Cheibriados
Gozag
Hepliaklqana
Kikubaaqudgha
Makhleb
Nemelex Xobeh
Okawaru
Qazlal
Sif Muna
Uskayaw
Vehumet
Wu Jian

Shops:
D:5 ::   D:7 }   D:8 }*

Annotations:
D:2 Natasha, Sigmund
D:5 1 runed translucent door, Crazy Yiuf


Innate Abilities, Weirdness & Mutations

You cannot wear most types of armour.
You are very stealthy in the water. (Stealth+)
You are amphibious.
You can wear up to eight rings at the same time.
You can use your tentacles to constrict eight enemies at once.
Your skin changes colour to match your surroundings (Stealth+).
Your rubbery body absorbs attacks. (AC +1, EV +1)


Message History

Found a scroll of remove curse.
A black bear comes into view.
A black bear is nearby!
A black bear is nearby!
Found 19 gold pieces.
You see here a scroll of remove curse.
e - 4 scrolls of remove curse (gained 1)
An eight-headed hydra comes into view.
The eight-headed hydra roars!
The eight-headed hydra sets off the alarm!
The alarm trap emits a blaring wail!
A sentinel's mark forms upon you. The black bear closely misses you.
You block the black bear's attack. The black bear misses you.
You hear a loud, deep croak!
You hear a screech! x2
The eight-headed hydra bites you but does no damage.
The eight-headed hydra misses you. The eight-headed hydra bites you.
The eight-headed hydra closely misses you.
You block the eight-headed hydra's attack. x2
The eight-headed hydra barely misses you.
The eight-headed hydra closely misses you.
There is a staircase back to the Dungeon here.
The eight-headed hydra bites you. x3; The eight-headed hydra bites you!
You block the eight-headed hydra's attack.
The eight-headed hydra misses you. The eight-headed hydra bites you!
You block the eight-headed hydra's attack.
You climb upwards.
Welcome back to the Dungeon!
There is a staircase to the Lair here.
Unknown command.
The sentinel's mark upon you fades away.
The eight-headed hydra bites you! x2
* * * LOW HITPOINT WARNING * * *
The eight-headed hydra completely misses you.
The eight-headed hydra closely misses you.
The eight-headed hydra misses you.
The eight-headed hydra barely misses you.
You block the eight-headed hydra's attack.
The eight-headed hydra bites you!
* * * LOW HITPOINT WARNING * * *
The eight-headed hydra completely misses you.
You block the eight-headed hydra's attack.
The eight-headed hydra completely misses you.
The eight-headed hydra closely misses you.
The eight-headed hydra bites you!
* * * LOW HITPOINT WARNING * * *
The eight-headed hydra bites you!
* * * LOW HITPOINT WARNING * * *
The eight-headed hydra bites you!
You die...
Your body glows with a rainbow of weird colours and disappears.

)# #.#..#.# #.# #..#.....# รท#
#......# #.# #..###########
.######..######.####..#.........#
................##....#.#######.#
............######.##.#.# #.#
......................#.# #.#
..............####.####.# #.#
...............###.####.# #.#
................@D......### #.#
............^...###.......# #.#
................# #.....#.# #.#
................#########.# #.#
..........................# #.#
................########### #.#
....................# #.#
................###.# #.#
....................# #.#


You could see an eight-headed hydra.

Vanquished Creatures
  A hydra (D:11)
  Erica (D:11)
  4 two-headed ogres
  2 unseen horrors
  Pikel (D:5)
  2 ugly things (D:12)
  A manticore (D:12)
  Psyche (D:11)
  A centaur skeleton (D:11)
  A troll (D:11)
  A hornet (D:12)
  A hippogriff (D:9)
  A spriggan (D:7)
  2 shadows
  A wyvern (D:12)
  A dancing weapon (D:9)
  Eustachio (D:5)
  A hungry ghost (D:9)
  6 yaks (D:12)
  4 sky beasts
  7 orc warriors
  4 ice beasts
  4 black bears
  A wolf (D:9)
  5 ogres
  7 centaurs
  A big kobold (D:11)
  An elf zombie (Ossuary)
  A wyvern zombie (D:12)
  7 bullfrogs
  2 wyvern skeletons
  8 killer bees (D:12)
  6 scorpions
  9 wights
  A howler monkey (D:9)
  4 crimson imps
  5 hounds
  6 orc priests
  3 jellies
  11 orc wizards
  2 bullfrog skeletons
  Ijyb (D:3)
  Natasha (twice) (D:2)
  2 iguanas
  11 worker ants
  3 big kobold zombies (Ossuary)
  A hound zombie (D:11)
  A hound skeleton (D:8)
  2 mummies (Ossuary)
  2 howler monkey zombies
  A howler monkey skeleton (D:9)
  9 gnolls
  10 adders
  A river rat (D:9)
  3 shadow imps
  An adder zombie (D:6)
  2 adder skeletons
  3 dart slugs
  4 leopard geckos
  30 orcs
  2 ball pythons
  4 giant cockroaches
  5 gnoll zombies (Ossuary)
  5 goblins
  8 hobgoblins
  6 jackals
  A quokka (D:12)
  9 bats
  5 frilled lizards
  A goblin zombie (Ossuary)
  A hobgoblin zombie (Ossuary)
  A jackal zombie (D:9)
  14 kobolds
  A leopard gecko zombie (D:4)
  3 orc zombies (Ossuary)
  7 rats
291 creatures vanquished.

Vanquished Creatures (collateral kills)
  2 orc warriors
  An ogre (D:11)
  2 killer bees (D:12)
  6 wights
  3 orcs (D:10)
  A quokka (D:12)
15 creatures vanquished.

Vanquished Creatures (others)
  5 dancing weapons
  A centaur zombie (D:5)
  2 fungi (D:5)
8 creatures vanquished.

Grand Total: 314 creatures vanquished

Notes
Turn   | Place    | Note
-------+----------+-------------------------------------------
     0 | D:1      | Flugkiller the Octopode Enchanter began the quest for the
                  | Orb.
     0 | D:1      | Reached XP level 1. HP: 11/11 MP: 3/3
    95 | D:1      | Reached skill level 1 in Fighting
   232 | D:1      | Reached XP level 2. HP: 18/18 MP: 5/5
   378 | D:1      | Learned a level 2 spell: Ensorcelled Hibernation
   559 | D:1      | Reached XP level 3. HP: 13/23 MP: 6/6
  1313 | D:2      | Found a sparkling altar of Nemelex Xobeh.
  1426 | D:2      | Reached XP level 4. HP: 28/28 MP: 2/7
  1443 | D:2      | Noticed Natasha
  1456 | D:2      | Killed Natasha
  1456 | D:2      | Reached skill level 5 in Hexes
  1747 | D:2      | Noticed Sigmund
  2289 | D:2      | Noticed Natasha
  2300 | D:2      | Killed Natasha
  2300 | D:2      | Reached XP level 5. HP: 12/34 MP: 6/8
  2307 | D:2      | Noticed Natasha
  2519 | D:2      | Became a worshipper of Nemelex Xobeh the Trickster
  2549 | D:3      | Received a gift from Nemelex Xobeh
  2790 | D:3      | Found a stormy altar of Qazlal.
  2799 | D:3      | Noticed Ijyb
  2810 | D:3      | Killed Ijyb
  2865 | D:3      | Reached * piety under Nemelex Xobeh
  2884 | D:3      | Learned a level 3 spell: Confuse
  2992 | D:3      | Found a shimmering blue altar of Sif Muna.
  3181 | D:3      | Found a snail-covered altar of Cheibriados.
  3351 | D:4      | Received a gift from Nemelex Xobeh
  3362 | D:4      | Reached XP level 6. HP: 29/41 MP: 9/9
  3768 | D:4      | Reached ** piety under Nemelex Xobeh
  3768 | D:4      | Received a gift from Nemelex Xobeh
  4035 | D:4      | Noticed a sky beast
  4193 | D:4      | Noticed a water moccasin
  4193 | D:4      | a sky beast changed into a water moccasin
  4195 | D:4      | a water moccasin changed into a hound
  4199 | D:4      | Reached skill level 3 in Dodging
  4672 | D:5      | Entered Level 5 of the Dungeon
  4672 | D:5      | Found a staircase to the Ecumenical Temple.
  4711 | D:5      | Found Haickupn's Book Emporium.
  4721 | D:5      | Found Lifetrev's Book Shop.
  4725 | D:5      | Reached XP level 7. HP: 46/46 MP: 10/10
  4760 | D:5      | Received a gift from Nemelex Xobeh
  4848 | D:5      | Noticed Pikel
  4926 | D:5      | Killed Pikel
  4926 | D:5      | Reached skill level 4 in Dodging
  4926 | D:5      | Reached XP level 8. HP: 33/54 MP: 11/11
  5131 | D:5      | Noticed Eustachio
  5138 | D:5      | Killed Eustachio
  5138 | D:5      | Reached skill level 5 in Dodging
  5175 | D:5      | Reached *** piety under Nemelex Xobeh
  5217 | D:5      | Found a burning altar of Makhleb.
  5395 | D:5      | Found a runed translucent door.
  5396 | D:5      | Noticed Crazy Yiuf
  5572 | D:6      | Reached skill level 1 in Invocations
  5807 | D:6      | Received a gift from Nemelex Xobeh
  6333 | D:6      | Reached skill level 5 in Invocations
  6735 | D:6      | Reached XP level 9. HP: 37/60 MP: 8/13
  7524 | D:7      | Found an opulent altar of Gozag.
  7708 | D:7      | Found Divaesm's Gadget Shoppe.
  7764 | D:7      | Found a hazy altar of Hepliaklqana.
  8220 | D:7      | Found a shattered altar of Ashenzari.
  8530 | D:7      | Received a gift from Nemelex Xobeh
  8540 | D:7      | Found an ancient bone altar of Kikubaaqudgha.
  9000 | D:8      | Found a radiant altar of Vehumet.
  9141 | D:8      | Learned a level 3 spell: Tukima's Dance
  9201 | D:8      | Found Zetet's Changing Room.
  9249 | D:8      | Found Pulo's Gadget Shoppe.
  9331 | D:8      | Found a sand-covered staircase.
  9338 | Ossuary  | Entered an ossuary
  9686 | D:8      | Noticed a two-headed ogre
  9690 | D:8      | Reached skill level 1 in Evocations
 10564 | D:8      | Received a gift from Nemelex Xobeh
 10717 | D:8      | Killed a two-headed ogre
 10717 | D:8      | Reached XP level 10. HP: 33/65 MP: 10/16
 11040 | D:9      | Reached **** piety under Nemelex Xobeh
 11951 | D:9      | Reached skill level 5 in Evocations
 12337 | D:9      | Noticed a two-headed ogre
 12377 | D:9      | Killed a two-headed ogre
 12671 | D:9      | Got a jewelled morningstar
 12717 | D:9      | Reached skill level 5 in Fighting
 12768 | D:9      | Reached skill level 6 in Dodging
 12811 | D:9      | Noticed a two-headed ogre
 13154 | D:9      | Received a gift from Nemelex Xobeh
 13422 | D:9      | Found an ornate altar of the Wu Jian Council.
 13960 | D:9      | Found an iron altar of Okawaru.
 14447 | D:9      | Found an iron altar of Okawaru.
 14462 | D:9      | Found an ornate altar of the Wu Jian Council.
 14554 | D:9      | Killed a two-headed ogre
 14554 | D:9      | Reached skill level 7 in Dodging
 14554 | D:9      | Reached XP level 11. HP: 30/74 MP: 10/17
 15025 | D:10     | Entered Level 10 of the Dungeon
 15092 | D:10     | Received a gift from Nemelex Xobeh
 15116 | D:10     | Noticed an unseen horror
 15125 | D:10     | Killed an unseen horror
 15245 | D:10     | Found a hide-covered altar of Uskayaw.
 15295 | D:10     | Reached skill level 8 in Dodging
 15539 | D:10     | Reached skill level 11 in Dodging
 15539 | D:10     | Reached XP level 12. HP: 80/80 MP: 18/18
 15714 | D:5      | Bought a book of Flames for 350 gold pieces
 15714 | D:5      | Reached skill level 5 in Conjurations
 15714 | D:5      | Reached skill level 5 in Fire Magic
 15714 | D:5      | Reached XP level 13. HP: 84/84 MP: 19/19
 15719 | D:5      | Learned a level 3 spell: Conjure Flame
 15724 | D:5      | Learned a level 4 spell: Sticky Flame
 15724 | D:5      | Identified the +9 morningstar "Remut" {flame, rN+ Stlth+}
                  | (You found it on level 9 of the Dungeon)
 16426 | D:10     | Found a staircase to the Orcish Mines.
 16883 | D:11     | Found a staircase to the Lair.
 16946 | D:11     | Found a burning altar of Makhleb.
 17401 | D:11     | Noticed Erica
 17409 | D:11     | Killed Erica
 17676 | D:11     | Received a gift from Nemelex Xobeh
 17720 | D:11     | Noticed Psyche
 17730 | D:11     | Killed Psyche
 17730 | D:11     | Reached skill level 5 in Spellcasting
 18257 | D:11     | Reached ***** piety under Nemelex Xobeh
 18361 | D:12     | Received a gift from Nemelex Xobeh
 19679 | D:12     | Reached skill level 1 in Shields
 19917 | D:12     | Received a gift from Nemelex Xobeh
 20565 | Lair:1   | Entered Level 1 of the Lair of Beasts
 20675 | D:11     | Slain by an eight-headed hydra

Levels and vault maps discovered:
D:1:      matt_arrival_spirals, layout_basic, minmay_misc_feat_encased,
          hangedman_glass_garden, minmay_octomino_j4
D:2:      layout_loops_ring, nemelex_xobeh_ov_fountains_minmay,
          chequers_serial_rivers_large_a, uniq_sigmund, uniq_natasha
D:3:      layout_basic, grunt_qazlal_clouds, kennysheep_slug_shrine,
          led_sif_pool, uniq_ijyb
D:4:      layout_loops_corners, first_ration, minmay_pentomino_pile
D:5:      layout_loops_cross, kennysheep_mini, minmay_temple_entry_mist,
          serial_shops, shop, shop, uniq_pikel, uniq_eustachio,
          uniq_crazy_yiuf_cottage
D:6:      layout_rooms, minmay_manual_mail
D:7:      layout_basic, marbit_many_paths, cheibrodos_ashenzari_chains,
          lemuel_crystal_altar, serial_shops, shop_statue, the_bakery,
          lemuel_altar_in_water
D:8:      wad_pebble_path, layout_basic, lemuel_round_altar,
          chequers_ossuary_entry_cave, serial_shops, shop, st_stairs_1,
          nicolae_transmutations_shop
D:9:      layout_small_grid, kennysheep_mini_moat, lemuel_crystal_altar,
          grunt_ministairs_11, small_chamber_with_monster
D:10:     nicolae_whirlpool, layout_loops_ring, david_orc_4, basic_altar,
          minmay_misc_feat_alley
D:11:     layout_basic, lair_entry_dummy, basic_altar, uniq_erica, uniq_psyche
D:12:     layout_stronghold, moated_statue, kennysheep_another_room
Lair:1:   layout_layer_cave

Skill      XL: |  1  2  3  4  5  6  7  8  9 10 11 12 13 |
---------------+----------------------------------------+-----
Fighting       | 1 2 3 4 6 |  6.4
Hexes          | 4 5 8 |  8.0
Short Blades   | 2 3 4 |  4.8
Dodging        | 3 4 5 7 11 | 11.8
Invocations    | 5 6 8 |  8.6
Spellcasting   | 4 5 |  5.0
Evocations     | 4 5 |  5.0
Conjurations   | 5 8 |  8.0
Fire Magic     | 5 8 |  8.0
Shields        | 3 |  3.2
Stealth        | |  4.0

Action                   |  1- 3 |  4- 6 |  7- 9 | 10-12 | 13-15 || total
-------------------------+-------+-------+-------+-------+-------++-------
Melee: Dagger            |    67 |    25 |       |       |       ||    92
       Constrict         |    16 |    17 |    65 |    38 |    42 ||   178
       Tentacles         |    12 |    14 |    66 |    45 |    35 ||   172
       Short sword       |       |    70 |   327 |   216 |    62 ||   675
       Unarmed           |       |     2 |       |       |       ||     2
       Morningstar       |       |       |       |       |   172 ||   172
 Cast: Corona            |     7 |     9 |     1 |     3 |     3 ||    23
       Ensorcelled Hiber |     2 |     6 |       |       |       ||     8
       Confuse           |       |       |    22 |    23 |    41 ||    86
       Tukima's Dance    |       |       |     6 |    19 |    20 ||    45
       Sticky Flame      |       |       |       |       |     7 ||     7
       Conjure Flame     |       |       |       |       |     6 ||     6
 Abil: Draw Destruction  |       |     3 |       |     3 |     2 ||     8
Evoke: Wand              |       |       |       |       |     1 ||     1
  Use: Scroll            |       |     6 |     2 |     2 |     6 ||    16
       Potion            |       |       |       |     3 |     1 ||     4
 Stab: Sleeping          |    10 |    21 |     9 |     1 |     3 ||    44
       Distracted        |     1 |       |     1 |     2 |     1 ||     5
       Confused          |       |       |     8 |    11 |     6 ||    25
  Eat: Chunk             |     2 |    10 |    31 |    22 |    19 ||    84
Armor: Skin              |     8 |    16 |    20 |    24 |    38 ||   106
Dodge: Dodged            |    42 |    47 |   184 |   176 |   304 ||   753
Block: Buckler           |       |       |       |       |    20 ||    20

Table legend:
 A = Non-vault XP
 B = Vault XP
 C = Vault XP percentage of total XP
 D = Non-vault monster count
 E = Vault monster count
 F = Vault count percentage of total count
                 A         B        C        D         E       F
            +---------+---------+-------+---------+---------+-------
      Total |   17753 |    4516 |  20.3 |     249 |      56 |  18.4
            +---------+---------+-------+---------+---------+-------
        D:1 |      39 |       4 |   9.3 |      23 |       3 |  11.5
        D:2 |     105 |      36 |  25.5 |      16 |       1 |   5.9
        D:3 |      49 |      40 |  44.9 |      16 |       2 |  11.1
        D:4 |     301 |       7 |   2.3 |      14 |       2 |  12.5
        D:5 |     200 |     865 |  81.2 |       5 |       2 |  28.6
        D:6 |     896 |     231 |  20.5 |      29 |       3 |   9.4
        D:7 |     536 |     279 |  34.2 |       8 |       2 |  20.0
        D:8 |    1256 |     954 |  43.2 |      25 |       3 |  10.7
        D:9 |    3309 |      30 |   0.9 |      30 |       2 |   6.2
       D:10 |    1345 |     825 |  38.0 |      11 |      18 |  62.1
       D:11 |    3324 |    1033 |  23.7 |      29 |       2 |   6.5
       D:12 |    6393 |       0 |   0.0 |      43 |       0 |   0.0
    Ossuary |       0 |     212 | 100.0 |       0 |      16 | 100.0
            +---------+---------+-------+---------+---------+-------
